 Dungeon Crawl Stone Soup version 0.29-a0-819-g94b489e0ae (webtiles) character file.

Game seed: 18176056869591448145

102 spaghetti the Firebug (level 4, 0/32 HPs)
             Began as a Gnoll Fire Elementalist on July 7, 2022.
             Slain by Pargi (7 damage)
             ... on level 3 of the Dungeon.
             The game lasted 00:02:39 (2776 turns).

spaghetti the Firebug (Gnoll Fire Elementalist)     Turns: 2776, Time: 00:02:40

Health: 0/32       AC:  2    Str:  7 (8)  XL:     4   Next: 77%
Magic:  6/11       EV: 13    Int: 13 (16) God:
Gold:   90         SH:  0    Dex:  9 (12) Spells: 12/13 levels left

rFire   . . .      SeeInvis .   t - +1 dagger (elec) {short}
rCold   . . .      Faith    .   (no shield)
rNeg    . . .      Spirit   .   a - +0 robe
rPois   .          Reflect  .   (no helmet)
rElec   .          Harm     .   (no cloak)
rCorr   .          Rampage  .   (no gloves)
Will    .....                   (no boots)
Stlth   ++........              (no amulet)
HPRegen 0.10/turn               d - ring of flight
MPRegen 0.12/turn               (no ring)

@: flying
A: fangs 1, strong nose, distributed training
a: no special abilities


You were on level 3 of the Dungeon.
You visited 1 branch of the dungeon, and saw 3 of its levels.

You collected 90 gold pieces.


Innate Abilities, Weirdness & Mutations

You have very sharp teeth.
Your uncanny sense of smell can sniff out nearby items.
Your experience applies equally to all skills.


   Skills:
 + Level 1.3 Fighting
 + Level 1.3 Short Blades
 + Level 1.3 Long Blades
 + Level 1.3 Axes
 + Level 1.3 Maces & Flails
 + Level 1.3 Polearms
 + Level 1.3 Staves
 + Level 1.3 Ranged Weapons
 + Level 1.3 Throwing
 + Level 1.3 Armour
 + Level 4.7 Dodging
 + Level 4.3 Stealth
 + Level 1.3 Shields
 + Level 1.3 Unarmed Combat
 + Level 5.1 Spellcasting
 + Level 2.3 Conjurations
 + Level 1.0 Hexes
 + Level 1.0 Summonings
 + Level 1.0 Necromancy
 + Level 1.0 Translocations
 + Level 1.0 Transmutations
 + Level 5.5 Fire Magic
 + Level 1.0 Ice Magic
 + Level 1.0 Air Magic
 + Level 1.0 Earth Magic
 + Level 1.0 Poison Magic
 + Level 1.4 Invocations
 + Level 1.3 Evocations


You had 12 spell levels left.
You knew the following spells:

 Your Spells              Type           Power      Damage    Failure   Level
a - Foxfire               Conj/Fire      52%        2x1d6     3%          1

Your spell library contained the following spells:

 Spells                   Type           Power      Damage    Failure   Level
 Scorch                   Fire           34%        2d6       3%          2
 Conjure Flame            Conj/Fire      13%        6-21      11%         3
 Inner Flame              Hex/Fire       11%        N/A       14%         3
 Flame Wave               Conj/Fire      13%        2d6       36%         4

Inventory:

Hand Weapons
 c - a +0 short sword {short}
   (You took it off a kobold on level 1 of the Dungeon)
 k - a +0 hand axe {axe}
   (You took it off a hobgoblin on level 1 of the Dungeon)
 m - a +0 short sword {short}
   (You took it off a kobold on level 1 of the Dungeon)
 o - a +0 short sword {short}
   (You took it off a kobold on level 1 of the Dungeon)
 t - a +1 dagger of electrocution (weapon) {short}
   (You took it off Jessica on level 2 of the Dungeon)
Missiles
 n - 12 stones {throwing}
Armour
 a - a +0 robe (worn)
Jewellery
 d - a ring of flight (left hand)
   (You found it on level 1 of the Dungeon)
Scrolls
 e - a scroll of teleportation {unknown}
 g - a scroll of enchant weapon {unknown}
 h - a scroll of silence {unknown}
 j - 5 scrolls of identify {unknown}
 r - 4 scrolls of blinking {unknown}
 s - a scroll of noise {unknown}
 v - a scroll of fear {unknown}
Potions
 b - a potion of magic
 i - a potion of might {unknown}
 l - a potion of attraction {unknown}
 p - 3 potions of brilliance {unknown}
 q - a potion of ambrosia {unknown}
 u - a potion of curing {unknown}
 w - a potion of mutation {unknown}
 x - a potion of haste {unknown}

Dungeon Overview and Level Annotations

Branches:
Dungeon (3/15) Zot: 15224

Altars:

Annotations:
D:3 Pargi

#...................
#####........##.........
........#.#####....####
#####.#.#.#.# #....#
............#
#...########.#
##....#.#.#.#
#....§§...<..#
#....#.#.#.#
#..§§######### #...
#.#.#.###.§§.# #...
#.#.#....@...# ###
∆#.#.######T§.#
#.........§§.#
#...######+#§# ..# ..# ∆
.#


You could see Pargi.


Message History

Your mp is fully restored (11).
You reach down and open the door.
There is an open door here.
Found an escape hatch in the floor.
You see here a ball python corpse.
You now have 83 gold pieces (gained 13).
There is an open door here.
j - 5 scrolls labelled OVUSU KUEBOK (gained 1)
r - 4 scrolls labelled UGOH XOPYUDUA (gained 1) Key pressed, stopping explore.
A bat comes into view.
Found a stone staircase leading down.
A bat is nearby!
A bat is nearby!
Casting: Foxfire (safe; 3% risk of failure)
Confirm with . or Enter, or press ? or * to list all spells.
You conjure some foxfire! 😎 MP[-1]
You lost 1 mp, and now have 10/11 mp.
Casting: Foxfire (safe; 3% risk of failure)
Confirm with . or Enter, or press ? or * to list all spells.
You conjure some foxfire!
Casting: Foxfire (safe; 3% risk of failure)
Confirm with . or Enter, or press ? or * to list all spells.
You conjure some foxfire!
The foxfire hits the bat.
You kill the bat! 😎 MP[-2]
You lost 2 mp, and now have 8/11 mp.
Casting: Foxfire (safe; 3% risk of failure)
Confirm with . or Enter, or press ? or * to list all spells.
You conjure some foxfire! 😎 MP[-1]
You lost 1 mp, and now have 7/11 mp.
You now have 90 gold pieces (gained 7).
Found a stone staircase leading up. 😎 MP[+4]
Your mp is fully restored (11).
x - a bubbling sapphire potion Pargi the Meek comes into view.
Pargi shouts!
Casting: Foxfire (safe; 3% risk of failure)
Confirm with . or Enter, or press ? or * to list all spells.
You conjure some foxfire!
A rat comes into view.
Pargi looks around nervously.
Pargi bites you but does no damage. Pargi completely misses you.
Pargi claws you. 😕 HP[-2] MP[-1]
You take 2 damage, and now have 30/32 hp.
You lost 1 mp, and now have 10/11 mp.
Casting: Foxfire (safe; 3% risk of failure)
Confirm with . or Enter, or press ? or * to list all spells.
You conjure some foxfire!
The foxfire hits Pargi.
Pargi closely misses you. Pargi claws you. x2 😕 HP[-3] MP[-1]
You take 3 damage, and now have 27/32 hp.
You lost 1 mp, and now have 9/11 mp.
Casting: Foxfire (safe; 3% risk of failure)
Confirm with . or Enter, or press ? or * to list all spells.
You conjure some foxfire!
The foxfire hits Pargi. x2
The foxfire hits the rat.
You kill the rat!
Pargi misses you. x2; Pargi closely misses you. 😕 MP[-1]
You lost 1 mp, and now have 8/11 mp.
Unknown command.
Casting: Foxfire (safe; 3% risk of failure)
Confirm with . or Enter, or press ? or * to list all spells.
You conjure some foxfire!
Pargi bites you. Pargi claws you but does no damage. Pargi claws you.
Casting: Foxfire (safe; 3% risk of failure)
Confirm with . or Enter, or press ? or * to list all spells.
You conjure some foxfire!
The foxfire hits Pargi but does no damage.
The foxfire hits Pargi!
The foxfire hits Pargi.
Pargi bites you!
* * * LOW HITPOINT WARNING * * *
Pargi barely misses you. Pargi claws you.
* * * LOW HITPOINT WARNING * * *
😨 HP[-12] MP[-2]
You take 12 damage, and now have 15/32 hp.
MASSIVE DAMAGE!! (PAUSE)
You lost 2 mp, and now have 6/11 mp.
Casting: Foxfire (safe; 3% risk of failure)
Confirm with . or Enter, or press ? or * to list all spells.
You conjure some foxfire!
Pargi bites you!
* * * LOW HITPOINT WARNING * * *
Pargi barely misses you. Pargi misses you. 😱 HP[-8] MP[-1]
You take 8 damage, and now have 7/32 hp.
MASSIVE DAMAGE!! (PAUSE)
You lost 1 mp, and now have 5/11 mp.
Unknown command.
Unknown command.
Unknown command.
You aren't carrying any items that you can evoke.
It was a potion of degeneration.
There was something very wrong with that liquid.
You feel weakened.
You feel dopey.
You feel clumsy.
The foxfire hits Pargi. x2; Pargi bites you!
You die...

Skill      XL: |  1  2  3  4 |
---------------+-------------+-----
Conjurations   | 2 |  2.3
Spellcasting   | 5 |  5.1
Invocations    | 1 |  1.4
Fighting       | 1 |  1.3
Short Blades   | 1 |  1.3
Long Blades    | 1 |  1.3
Axes           | 1 |  1.3
Maces & Flails | 1 |  1.3
Polearms       | 1 |  1.3
Staves         | 1 |  1.3
Ranged Weapons | 1 |  1.3
Throwing       | 1 |  1.3
Armour         | 1 |  1.3
Shields        | 1 |  1.3
Unarmed Combat | 1 |  1.3
Evocations     | 1 |  1.3
Hexes          | 1 |  1.0
Summonings     | 1 |  1.0
Necromancy     | 1 |  1.0
Translocations | 1 |  1.0
Transmutations | 1 |  1.0
Ice Magic      | 1 |  1.0
Air Magic      | 1 |  1.0
Earth Magic    | 1 |  1.0
Poison Magic   | 1 |  1.0
Dodging        | |  4.7
Stealth        | |  4.3
Fire Magic     | |  5.5

Action                   |  1- 3 |  4- 6 || total
-------------------------+-------+-------++-------
 Cast: Foxfire           |    83 |    65 ||   148
  Use: Potion            |       |     1 ||     1
Armor: Robe              |       |     2 ||     2
Dodge: Dodged            |     7 |     8 ||    15

Levels and vault maps discovered:
D:1:      eino_arrival_tree_alley, layout_loops_ring
D:2:      layout_rooms, nicolae_ecumenical_oubliette,
          nicolae_figureground_pulse, uniq_jessica
D:3:      layout_basic, nemelex_diamond_rough_becter, uniq_pargi

Notes
Turn   | Place    | Note
-------+----------+-------------------------------------------
     0 | D:1      | spaghetti the Gnoll Fire Elementalist began the quest for
                  | the Orb.
     0 | D:1      | Reached XP level 1. HP: 13/13 MP: 6/6
     0 | D:1      | magus.rc [v1.9.6]
    88 | D:1      | Reached skill level 2 in Conjurations
   189 | D:1      | Reached XP level 2. HP: 19/19 MP: 5/7
  1440 | D:2      | Reached skill level 5 in Spellcasting
  1440 | D:2      | Reached XP level 3. HP: 25/25 MP: 3/9
  1569 | D:2      | Reached skill level 1 in Invocations
  1714 | D:2      | Reached skill level 1 in Fighting
  1714 | D:2      | Reached skill level 1 in Short Blades
  1714 | D:2      | Reached skill level 1 in Long Blades
  1714 | D:2      | Reached skill level 1 in Axes
  1714 | D:2      | Reached skill level 1 in Maces & Flails
  1714 | D:2      | Reached skill level 1 in Polearms
  1714 | D:2      | Reached skill level 1 in Staves
  1714 | D:2      | Reached skill level 1 in Ranged Weapons
  1714 | D:2      | Reached skill level 1 in Throwing
  1714 | D:2      | Reached skill level 1 in Armour
  1714 | D:2      | Reached skill level 1 in Shields
  1714 | D:2      | Reached skill level 1 in Unarmed Combat
  1714 | D:2      | Reached skill level 1 in Evocations
  1790 | D:2      | Noticed Jessica
  1795 | D:2      | Killed Jessica
  1796 | D:2      | Reached XP level 4. HP: 32/32 MP: 4/11
  1929 | D:2      | Found a faded altar of an unknown god.
  2254 | D:2      | Reached skill level 1 in Hexes
  2254 | D:2      | Reached skill level 1 in Summonings
  2254 | D:2      | Reached skill level 1 in Necromancy
  2254 | D:2      | Reached skill level 1 in Translocations
  2254 | D:2      | Reached skill level 1 in Transmutations
  2254 | D:2      | Reached skill level 1 in Ice Magic
  2254 | D:2      | Reached skill level 1 in Air Magic
  2254 | D:2      | Reached skill level 1 in Earth Magic
  2254 | D:2      | Reached skill level 1 in Poison Magic
  2768 | D:3      | Noticed Pargi
  2774 | D:3      | HP: 7/32 [Pargi (8)]
  2776 | D:3      | Slain by Pargi

Vanquished Creatures
  Jessica (D:2)
  4 adders
  7 ball pythons
  6 bats
  4 endoplasms
  A giant cockroach (D:2)
  2 goblins (D:2)
  4 hobgoblins (D:1)
  4 kobolds
  A quokka (D:2)
  2 frilled lizards
  6 rats
42 creatures vanquished.

Vanquished Creatures (others)
  244 foxfires
244 creatures vanquished.

Grand Total: 286 creatures vanquished

Table legend:
 A = Non-vault XP
 B = Vault XP
 C = Vault XP percentage of total XP
 D = Non-vault monster count
 E = Vault monster count
 F = Vault count percentage of total count
                 A         B        C        D         E       F
            +---------+---------+-------+---------+---------+-------
      Total |     109 |      37 |  25.3 |      41 |       1 |   2.4
            +---------+---------+-------+---------+---------+-------
        D:1 |      33 |       0 |   0.0 |      21 |       0 |   0.0
        D:2 |      59 |      37 |  38.5 |      15 |       1 |   6.2
        D:3 |      17 |       0 |   0.0 |       5 |       0 |   0.0
            +---------+---------+-------+---------+---------+-------

Illustrated notes

Table legend:
 A = Kills in this place as a percentage of kills in entire the game.
 B = Kills by you in this place as a percentage of kills by you in the entire game.
 C = Kills by friends in this place as a percentage of kills by friends in the entire game.
 D = Other kills in this place as a percentage of other kills in the entire game.
 E = Experience gained in this place as a percentage of experience gained in the entire game.
 F = Experience gained in this place divided by the number of levels of this place that you have seen.
                   A       B       C       D       E      F
               +-------+-------+-------+-------+-------+----------------------
         Total | 100.0 | 100.0 |   N/A |   N/A | 100.0 |  48.7
       Dungeon | 100.0 | 100.0 |   N/A |   N/A | 100.0 |  48.7
               +-------+-------+-------+-------+-------+----------------------

Table legend: (Time is in decaauts)
 A = Elapsed time spent in this place.
 B = Non-inter-level travel time spent in this place.
 C = Inter-level travel time spent in this place.
 D = Time resting spent in this place.
 E = Time spent auto-exploring this place.
 F = Levels seen in this place.
 G = Mean time per level.
                   A        B        C        D        E       F      G
               +--------+--------+--------+--------+--------+-----+--------+
         Total |   2774 |   2712 |     62 |     72 |   2376 |   3 |  924.7 |
       Dungeon |   2774 |   2712 |     62 |     72 |   2376 |   3 |  924.7 |
               +--------+--------+--------+--------+--------+-----+--------+

Top non-repeatable levels by time:
     D:1: 1409 daAuts
     D:2: 1153 daAuts
     D:3: 211 daAuts
